AoeStats
← Ghosty4406

Arena

510248800Analyzed
4v4 RM · 9h ago on Sep 30, 2026· 50m 14s· 8 players
Game mode
Random Map
Map size
Large (8 player)
Population
200
Speed
Normal
Resources
Standard
Victory
Conquest
Starting age
Dark Age
Ending age
Imperial Age
RankedLock teamsTeams togetherTeam positionsShared explorationLock speedFull tech treeHidden civsTurbo modeCheats
Victory
Defeat
🇨🇳 Persians · China
1158
+15
🇮🇳 Celts · India
1154
+15
🇮🇩 Italians · Indonesia
1142
+15
🇮🇳 Danes · India
1119
+16
🇨🇳 Mongols · China
1181
-17
🇺🇸 Wei · United States
1177
-17
🇫🇷 Shu · France
1122
-15
🇨🇴 Teutons · Colombia
1043
-12
Ghosty4406
0:33 Loom
8:34 Loom
10:37 Feudal Age
10:27 Loom
14:22 Castle Age
12:16 Double-Bit Axe
13:53 Horse Collar
28:41 Bow Saw
28:38 Heavy Plow
32:08 Wheelbarrow
34:29 Imperial Age
33:53 Hand Cart
35:32 Forging
35:22 Scale Mail Armor
34:57 Heavy Scorpion
34:58 Capped Ram
35:44 Siege Ram
36:39 Gold Mining
36:39 Stone Mining
38:28 Caravan
38:59 Coinage
39:35 Furor Celtica
39:45 Conscription
45:02 Iron Casting
44:42 Chain Mail Armor
45:03 Pikeman
45:29 Arson
46:47 Blast Furnace
46:47 Stone Shaft Mining
46:47 Gold Shaft Mining
46:12 Halberdier
Lala Land
3:26 Loom
11:58 Feudal Age
14:10 Double-Bit Axe
14:17 Horse Collar
16:39 Castle Age
18:02 Bow Saw
17:53 Heavy Plow
24:30 Wheelbarrow
24:23 Gold Mining
25:15 Fletching
27:18 Scale Mail Armor
27:29 Forging
28:19 Hand Cart
31:38 Imperial Age
30:59 Iron Casting
30:40 Chain Mail Armor
30:38 Masonry
30:24 Murder Holes
32:51 Conscription
32:08 Hamask
33:13 Elite Jomsviking
34:29 Plate Mail Armor
35:00 Blast Furnace
34:25 Ballistics
34:19 Siege Engineers
35:30 Hoardings
35:13 Stone Mining
35:59 Gold Shaft Mining
37:41 Bodkin Arrow
45:31 Squires
45:17 Arson
45:18 Gambesons
49:51 Caravan
50:14 Siege Engineers
51:12 Chemistry
VSPR | KAMUBOHONG­™
10:13 Feudal Age
9:43 Loom
14:33 Castle Age
12:58 Double-Bit Axe
13:01 Town Watch
14:10 Fletching
26:16 Wheelbarrow
30:27 Imperial Age
28:53 Bodkin Arrow
29:16 Bow Saw
29:57 Ballistics
29:39 Padded Archer Armor
30:43 Hand Cart
30:55 Leather Archer Armor
35:27 Conscription
36:45 Scale Mail Armor
36:56 Forging
37:27 Bloodlines
39:34 Bracer
40:05 Ring Archer Armor
40:54 Squires
41:53 Husbandry
41:14 Light Cavalry
46:10 Caravan
47:43 Chemistry
47:12 Scale Barding Armor
49:59 Chain Mail Armor
50:19 Iron Casting
熊大来袭
9:44 Feudal Age
15:02 Castle Age
12:54 Double-Bit Axe
13:34 Horse Collar
23:04 Wheelbarrow
23:08 Gold Mining
23:30 Bow Saw
24:33 Hand Cart
25:22 Heavy Plow
26:12 Gold Shaft Mining
29:43 Imperial Age
27:31 Scale Barding Armor
28:05 Forging
29:16 Stone Mining
29:48 Chain Barding Armor
30:04 Iron Casting
30:44 Conscription
31:07 Stone Shaft Mining
31:54 Two-Man Saw
31:45 Plate Barding Armor
30:37 Elite War Elephant
40:02 Ballistics
41:17 Thumb Ring
40:33 Crossbowman
42:16 Chemistry
41:17 Fletching
41:28 Padded Archer Armor
43:00 Leather Archer Armor
42:40 Bodkin Arrow
42:53 Kamandaran
50:22 Bloodlines
49:33 Light Cavalry
50:50 Husbandry
senninha
8:25 Loom
10:11 Feudal Age
12:18 Double-Bit Axe
14:51 Castle Age
13:34 Horse Collar
14:28 Town Watch
15:20 Wheelbarrow
14:49 Gold Mining
16:56 Fletching
21:29 Bodkin Arrow
22:46 Elite Skirmisher
23:40 Heavy Plow
23:45 Padded Archer Armor
24:20 Stone Mining
24:00 Crossbowman
25:03 Bow Saw
25:54 Ballistics
26:52 Gold Shaft Mining
27:31 Leather Archer Armor
27:26 Thumb Ring
33:06 Imperial Age
32:54 Scale Mail Armor
33:05 Forging
33:14 Gambesons
33:30 Squires
33:15 Arson
34:33 Masonry
35:29 Chain Mail Armor
40:25 Plate Mail Armor
42:37 Illumination
44:40 Chemistry
44:19 Hand Cart
45:15 Ring Archer Armor
44:46 Bracer
50:41 Murder Holes
51:17 Architecture
出兵保護我~
9:46 Feudal Age
11:55 Double-Bit Axe
14:12 Castle Age
13:02 Horse Collar
16:10 Bow Saw
17:33 Heavy Plow
18:55 Wheelbarrow
18:29 Loom
20:19 Gold Mining
21:35 Hand Cart
22:11 Stone Mining
24:25 Gold Shaft Mining
29:13 Imperial Age
27:24 Scale Barding Armor
27:49 Forging
28:32 Chain Barding Armor
28:41 Bloodlines
28:32 Husbandry
30:13 Stone Shaft Mining
31:15 Iron Casting
31:00 Elite Steppe Lancer
33:10 Blast Furnace
32:46 Light Cavalry
33:29 Fletching
33:40 Padded Archer Armor
35:29 Chemistry
34:58 Ballistics
34:49 Masonry
34:36 Bodkin Arrow
35:21 Hussar
36:41 Elite Mangudai
37:42 Conscription
37:40 Bracer
37:58 Leather Archer Armor
38:44 Hussar
bluechaac
11:19 Feudal Age
15:07 Castle Age
12:59 Double-Bit Axe
12:58 Horse Collar
13:22 Gold Mining
14:00 Stone Mining
20:11 Bow Saw
20:13 Heavy Plow
20:08 Loom
20:11 Town Watch
22:12 Wheelbarrow
27:35 Imperial Age
27:06 Bloodlines
26:57 Husbandry
27:19 Scale Barding Armor
29:36 Chain Barding Armor
29:27 Forging
30:15 Heavy Hei Guang Cavalry
31:21 Conscription
31:07 Pikeman
32:27 Iron Casting
31:54 Scale Mail Armor
32:28 Halberdier
37:39 Chain Mail Armor
38:25 Blast Furnace
41:01 Light Cavalry
43:09 Hussar
45:59 Fortified Wall
davince0285
10:35 Feudal Age
14:36 Castle Age
12:53 Double-Bit Axe
12:50 Horse Collar
17:44 Loom
18:17 Scale Mail Armor
18:27 Forging
20:40 Fletching
22:08 Bow Saw
26:10 Scale Barding Armor
26:40 Iron Casting
28:31 Loom
29:21 Wheelbarrow
29:43 Heavy Plow
31:55 Chain Mail Armor
31:35 Gold Mining
32:35 Squires
37:29 Imperial Age
35:17 Bloodlines
35:15 Scale Barding Armor
35:28 Masonry
36:45 Chain Barding Armor
37:04 Iron Casting
37:43 Hand Cart
37:35 Cavalier
39:26 Guilds
39:10 Paladin
40:34 Conscription
42:41 Plate Barding Armor
45:23 Stone Mining
45:25 Town Watch
46:49 Fortified Wall
47:23 Crop Rotation
48:17 Town Patrol
Connection lost

Rejoining the realm…

Still unreachable

The connection could not be restored.

Session expired

The server has moved on; the page needs a fresh start.